 Dungeon Crawl Stone Soup version 0.29-a0-1065-g47a6bb87d6 (webtiles) character file.

Game seed: 1984264207863382216

6521 spaghetti the Fighter (level 11, 0/86 HPs)
             Began as a Formicid Transmuter on Aug 19, 2022.
             Was an Initiate of Gozag.
             Slain by a fire elemental (9 damage)
             ... created by the fiery vengeance of Ignis
             ... on level 9 of the Dungeon.
             The game lasted 00:20:09 (11954 turns).

spaghetti the Fighter (Formicid Transmuter)        Turns: 11954, Time: 00:20:10

Health: 0/86       AC: 22    Str: 25    XL:     11   Next: 20%
Magic:  15/18      EV:  7    Int: 16    God:    Gozag
Gold:   1216       SH:  0    Dex: 11    Spells: 7/20 levels left

rFire   . . .      SeeInvis +     - Unarmed
rCold   . . .      Faith    .   (no shield)
rNeg    . . .      Spirit   .   y - +2 plate armour {Will+}
rPois   .          Reflect  .   (helmet unavailable)
rElec   .          Harm     .   e - +0 cloak
rCorr   .          Rampage  .   d - +2 pair of gloves
Will    ++...                   (boots currently unavailable)
Stlth   ..........              (no amulet)
HPRegen 0.24/turn               g - +6 ring of strength
MPRegen 0.16/turn               q - +4 ring of slaying

@: mighty, appendages, wereblooded, gold aura, fire susceptible
A: talons 2, permanent stasis, dig shafts and tunnels, antennae 3, four strong
arms, iridescent scales 1, clumsy 1, strong 1
a: Dig, Shaft Self, End Transformation, Renounce Religion, Potion Petition, Call
Merchant, Bribe Branch


You were on level 9 of the Dungeon.
You worshipped Gozag.
Gozag was most pleased with you.
You had temporarily grown beastly talons.
You visited 1 branch of the dungeon, and saw 9 of its levels.

You collected 1408 gold pieces.
You paid 192 gold pieces to Gozag.


Innate Abilities, Weirdness & Mutations

You have temporarily grown beastly talons.
You cannot be hasted, slowed, berserked, paralysed or teleported.
You can dig through walls and to a lower floor.
You have a pair of large antennae on your head. (SInv)
Your four strong arms can wield two-handed weapons with a shield.
You are partially covered in iridescent scales. (AC +2)
You are clumsy. (Dex -2)
Your muscles are strong. (Str +4, Int/Dex -1)


   Skills:
 * Level 8.1 Fighting
 * Level 7.8 Armour
 - Level 1.7 Dodging
 * Level 8.0 Unarmed Combat
 + Level 5.0 Spellcasting
 + Level 6.0 Transmutations
 + Level 4.1 Ice Magic
 + Level 5.6 Earth Magic
 + Level 5.0 Poison Magic


You had 7 spell levels left.
You knew the following spells:

 Your Spells              Type           Power      Damage    Failure   Level
a - Beastly Appendage     Tmut           46%        N/A       16%         1
b - Wereblood             Tmut           23%        N/A       22%         2
c - Spider Form           Tmut/Pois      21%        N/A       50%         3
d - Ice Form              Ice/Tmut       20%        N/A       91%         4
e - Mephitic Cloud        Conj/Pois/Air  9%         N/A       95%         3

Your spell library contained the following spells:

 Spells                   Type           Power      Damage    Failure   Level
 Stone Arrow              Conj/Erth      26%        3d8       86%         3
 Magic Dart               Conj           16%        1d3       87%         1
 Call Imp                 Summ           4%         N/A       95%         2
 Gell's Gravitas          Tloc           4%         N/A       99%         3
 Lesser Beckoning         Tloc           4%         N/A       99%         3
 Teleport Other           Tloc           4%         N/A       99%         3
 Animate Armour           Summ/Erth      26%        N/A       99%         4
 Lehudib's Crystal Spear  Conj/Erth      6%         10d3      100%        8

Inventory:

Missiles
 c - 29 poisoned darts {throwing}
 f - 60 stones {throwing}
 i - 7 boomerangs {throwing}
 l - 2 throwing nets {=f!fthrowing}
 w - 6 curare-tipped darts {=fthrowing}
 A - 3 javelins {throwing}
Armour
 a - a +0 robe
 d - a +2 pair of gloves (worn)
   (You found it on level 1 of the Dungeon)
 e - a +0 cloak (worn)
   (You found it on level 4 of the Dungeon)
 k - an orb of energy
   (You found it on level 1 of the Dungeon)
 y - a +2 plate armour of willpower (worn)
   (You took it off an orc warrior on level 9 of the Dungeon)
 C - the +1 leather armour of Xocver {Slay+2}
   (You found it on level 8 of the Dungeon)

   Slay:      It affects your accuracy & damage with ranged weapons and melee
   (+2).
Magical Staves
 u - a staff of fire {!astaff}
   (You found it on level 3 of the Dungeon)
Jewellery
 g - a +6 ring of strength (left hand)
   (You found it on level 1 of the Dungeon)
 m - a ring of flight
   (You found it on level 8 of the Dungeon)
 q - a +4 ring of slaying (right hand)
   (You found it on level 5 of the Dungeon)
 v - a +6 ring of strength
   (You found it on level 1 of the Dungeon)
Wands
 j - a wand of charming (5)
   (You found it on level 4 of the Dungeon)
 r - a wand of flame (77)
   (You found it on level 5 of the Dungeon)
 B - a wand of quicksilver (7)
   (You took it off Maurice on level 8 of the Dungeon)
Scrolls
 b - a scroll of brand weapon
 o - 2 scrolls of blinking {!r}
 p - 2 scrolls of torment {!r}
 s - 3 scrolls of vulnerability {!r!r}
 x - a scroll of enchant armour
 D - a scroll of noise {!r}
Potions
 h - 2 potions of flight
 n - 3 potions of cancellation
 t - 2 potions of brilliance
 z - a potion of might

Dungeon Overview and Level Annotations

Branches:
Dungeon (9/15) Zot: 26216  Temple (0/1) D:5
   Lair: D:8-11         Orc: D:9-12

Altars:
Elyvilon
Gozag
Nemelex Xobeh
Ru
Sif Muna
Vehumet
Yredelemnul
Zin
Ignis

Shops:
D:4 =   D:6 *

Annotations:
D:6 3 runed translucent doors, Veterankin's ghost, novice HOMo
D:8 6 transporters

#....# ###....# #......#
#......# #...#......#
#..[#......#
+...+......+
#...#..@E..#
#...#.EE...#
######...###.°..#
+..........#....#
#..........'....#
##.###..##.#....#
##########..##.###.....
.............#...+......
.............#...#..(...


You could see 3 fire elementals.


Message History

You finish putting on your +2 plate armour of willpower.
You feel strong-willed. 😨 HP[+2]
You regained 2 hp, and now have 39/86 hp.
Unknown command.
Unknown command.
Key pressed, stopping explore.
Key pressed, stopping explore.
Key pressed, stopping explore.
Key pressed, stopping explore.
Key pressed, stopping explore.
Key pressed, stopping explore.
As you open the door, it creaks loudly!
You hear an angry hiss. 😎 HP[+47]
Your hp is fully restored (86).
There is an open door here.
A wyvern comes into view.
The wyvern hisses angrily.
You closely miss the wyvern. The wyvern bites you. 😕 HP[-6]
You take 6 damage, and now have 80/86 hp.
You are too injured to fight recklessly!
You are too injured to fight recklessly!
You are too injured to fight recklessly!
You are too injured to fight recklessly!
You are too injured to fight recklessly!
You are too injured to fight recklessly!
You are too injured to fight recklessly!
You are too injured to fight recklessly!
You are too injured to fight recklessly!
You are too injured to fight recklessly!
You are too injured to fight recklessly!
You are too injured to fight recklessly!
You are too injured to fight recklessly!
You are too injured to fight recklessly!
You are too injured to fight recklessly!
You are too injured to fight recklessly!
You punch the wyvern! The wyvern bites you! The wyvern bites you. 😕 HP[-15]
You take 15 damage, and now have 65/86 hp.
You closely miss the wyvern.
The wyvern bites you but does no damage.
You barely miss the wyvern.
The wyvern bites you. "Attack, my last stalwart servants!" 3 fire elementals come into view. 😮 HP[-1]
You take 1 damage, and now have 64/86 hp.
You pummel the wyvern!!
You kill the wyvern!
The fire elemental hits you. The fire elemental burns you!
The fire elemental hits you. The fire elemental burns you!
You see here 23 gold pieces. 😮 HP[-17]
You take 17 damage, and now have 47/86 hp.
Casting: Wereblood (safe; 22% risk of failure)
Confirm with . or Enter, or press ? or * to list all spells.
Your blood is infused with primal strength.
The fire elemental closely misses you. The fire elemental barely misses you.
The fire elemental closely misses you. 😮 MP[-2]
You lost 2 mp, and now have 16/18 mp.
Casting: Wereblood (safe; 22% risk of failure)
Confirm with . or Enter, or press ? or * to list all spells.
Your feet morph into talons.
The fire elemental closely misses you.
The fire elemental completely misses you.
The fire elemental barely misses you. 😮 MP[-1]
You lost 1 mp, and now have 15/18 mp.
Unknown command.
Unknown command.
You punch the fire elemental! The fire elemental hits you.
The fire elemental completely misses you.
The fire elemental hits you. The fire elemental burns you!
* * * LOW HITPOINT WARNING * * *
The fire elemental hits you. The fire elemental burns you!
* * * LOW HITPOINT WARNING * * *
The fire elemental hits you. The fire elemental burns you!
* * * LOW HITPOINT WARNING * * *
The fire elemental hits you. The fire elemental burns you!
* * * LOW HITPOINT WARNING * * *
😱 HP[-28]
You take 28 damage, and now have 19/86 hp.
MASSIVE DAMAGE!! (PAUSE) Unknown command.
Okay, then.
You feel very mighty all of a sudden. The fire elemental barely misses you.
The fire elemental hits you. The fire elemental burns you!
* * * LOW HITPOINT WARNING * * *
The fire elemental closely misses you. 😱 HP[-10]
You take 10 damage, and now have 9/86 hp.
Unknown command.
Unknown command.
Unknown command.
You punch the fire elemental! Your kick misses the fire elemental.
The fire elemental is distracted by your dazzling golden aura.
The fire elemental hits you. The fire elemental burns you!
You die...
Your body crumbles into a pile of gold.

Skill      XL: |  1  2  3  4  5  6  7  8  9 10 11 |
---------------+----------------------------------+-----
Armour         | 1 2 3 4 6 7 |  7.8
Fighting       | 2 3 4 5 6 8 |  8.1
Unarmed Combat | 4 5 6 7 8 |  8.0
Earth Magic    | 1 2 3 4 5 |  5.6
Poison Magic   | 1 2 3 4 5 |  5.0
Transmutations | 3 4 5 6 |  6.0
Ice Magic      | 1 2 3 4 |  4.1
Spellcasting   | 3 4 5 |  5.0
Dodging        | |  1.7

Action                   |  1- 3 |  4- 6 |  7- 9 | 10-12 || total
-------------------------+-------+-------+-------+-------++-------
Melee: Unarmed           |    82 |   144 |   402 |   161 ||   789
       Punch             |     1 |     3 |    11 |     5 ||    20
       Kick              |       |       |     6 |     3 ||     9
 Cast: Beastly Appendage |     1 |       |     2 |     3 ||     6
       Wereblood         |       |     2 |    16 |    11 ||    29
       Spider Form       |       |     2 |    14 |     7 ||    23
       Mephitic Cloud    |       |       |       |     2 ||     2
Invok: Foxfire Swarm     |       |     2 |       |     5 ||     7
       Rising Flame      |       |       |       |     1 ||     1
       Fiery Armour      |       |       |       |     1 ||     1
Evoke: Wand              |       |       |     1 |       ||     1
  Use: Potion            |       |     1 |     7 |     6 ||    14
       Scroll            |       |       |     8 |     3 ||    11
 Stab: Sleeping          |     5 |       |       |       ||     5
       Confused          |       |       |       |     2 ||     2
       Distracted        |       |       |       |     1 ||     1
Armor: Robe              |    23 |    44 |   139 |    23 ||   229
       Skin              |       |     3 |    15 |     4 ||    22
       Leather armour    |       |       |       |    22 ||    22
       Plate armour      |       |       |       |    11 ||    11
Dodge: Dodged            |    49 |   104 |   274 |   166 ||   593

Levels and vault maps discovered:
D:1:      spicycebolla_arrival_xxxplode, layout_loops_ring,
          hellmonk_ecumenical_altar_inner_sanctum, serial_bayou_pond_c
D:2:      layout_rooms, serial_curves, eino_curves_04, eino_curves_01,
          grunt_decor_one_mirror
D:3:      minmay_inner_zag, layout_rooms,
          mainiacjoe_overflow_concentric_impassable,
          mainiacjoe_overflow_24_doors, nicolae_titane, uniq_sigmund,
          uniq_terence
D:4:      layout_layer_cave, lemuel_zombie_altar_yredelemnul,
          nicolae_stop_n_shop_1, kennysheep_generic_room_8,
          uniq_crazy_yiuf_cottage
D:5:      kennysheep_slugbush, layout_basic, lemuel_round_altar,
          minmay_temple_entry_antechambers, minmay_ogre_servants
D:6:      layout_rooms, nemelex_xobeh_ov_fountains_minmay,
          gammafunk_ghost_necromancy, serial_shops, nicolae_shop_stone,
          uniq_menkaure, uniq_edmund
D:7:      layout_gridville, kennysheep_mini_moat,
          nicolae_ru_sacrificial_ziggurat, serial_glass, glass_columns_b,
          glass_columns_a, lightli_minifort
D:8:      gammafunk_cloud_chamber, layout_cave_pools, lemuel_round_altar,
          nicolae_transporter_intersection, uniq_maurice, uniq_prince_ribbit1,
          uniq_pikel, uniq_erica
D:9:      cheibrodos_two_vegetables, layout_gridville,
          due_lair_maze_entry_diamond

Notes
Turn   | Place    | Note
-------+----------+-------------------------------------------
     0 | D:1      | spaghetti the Formicid Transmuter began the quest for the
                  | Orb.
     0 | D:1      | Reached XP level 1. HP: 15/15 MP: 3/3
     0 | D:1      | magus.rc [v1.9.6]
   252 | D:1      | Reached XP level 2. HP: 20/21 MP: 5/5
   291 | D:1      | You pick up a book of Armaments and begin reading...
   291 | D:1      | You add the spells Stone Arrow, Animate Armour and
                  | Lehudib's Crystal Spear to your library.
   507 | D:1      | Reached skill level 1 in Armour
   570 | D:1      | Found a faded altar of an unknown god.
   587 | D:1      | Prayed at the altar of an unknown god.
   587 | D:1      | Became a worshipper of Ignis, the Dying Flame
   807 | D:2      | Reached skill level 2 in Fighting
   807 | D:2      | Reached XP level 3. HP: 25/27 MP: 6/6
   810 | D:2      | Learned a level 2 spell: Wereblood
   861 | D:2      | Learned a level 3 spell: Spider Form
  1416 | D:2      | Reached XP level 4. HP: 33/33 MP: 7/7
  1503 | D:3      | Noticed Terence
  1522 | D:3      | HP: 1/33 [Terence/+3 antimagic morningstar (9)]
  1525 | D:3      | Killed Terence
  1526 | D:3      | Reached skill level 2 in Armour
  1554 | D:3      | Noticed Sigmund
  1557 | D:3      | Killed Sigmund
  1558 | D:3      | Reached skill level 3 in Fighting
  1558 | D:3      | Reached skill level 4 in Unarmed Combat
  1558 | D:3      | Reached skill level 1 in Earth Magic
  1558 | D:3      | Reached skill level 1 in Poison Magic
  1558 | D:3      | Reached XP level 5. HP: 6/41 MP: 3/8
  1558 | D:3      | Reached XP level 6. HP: 7/47 MP: 3/9
  1967 | D:3      | Reached skill level 3 in Armour
  2021 | D:3      | Reached skill level 2 in Poison Magic
  2341 | D:3      | Found a shimmering blue altar of Sif Muna.
  2545 | D:3      | Found a glowing silver altar of Zin.
  2645 | D:3      | You pick up a book of Displacement and begin reading...
  2645 | D:3      | You add the spells Lesser Beckoning, Gell's Gravitas and
                  | Teleport Other to your library.
  2800 | D:4      | Reached skill level 3 in Transmutations
  2800 | D:4      | Reached skill level 2 in Earth Magic
  2800 | D:4      | Reached XP level 7. HP: 52/53 MP: 4/10
  2882 | D:4      | Gained mutation: You are partially covered in iridescent
                  | scales. (AC +2) [potion of mutation]
  2882 | D:4      | Gained mutation: Your muscles are strong. (Str +4, Int/Dex
                  | -1) [potion of mutation]
  2882 | D:4      | Gained mutation: You are clumsy. (Dex -2) [potion of
                  | mutation]
  3008 | D:4      | Reached skill level 4 in Fighting
  3149 | D:4      | Found Baefau's Jewellery Shop.
  3741 | D:4      | Found a basalt altar of Yredelemnul.
  4126 | D:4      | Reached skill level 4 in Armour
  4219 | D:4      | Learned a level 4 spell: Ice Form
  4421 | D:4      | Reached XP level 8. HP: 61/61 MP: 11/11
  4709 | D:4      | Found a runed translucent door.
  4710 | D:4      | Noticed Crazy Yiuf
  4844 | D:4      | Killed Crazy Yiuf
  4994 | D:5      | Entered Level 5 of the Dungeon
  5008 | D:5      | Reached skill level 5 in Unarmed Combat
  5145 | D:5      | Reached skill level 3 in Poison Magic
  5222 | D:5      | Identified a scroll of acquirement
  5222 | D:5      | Acquired 769 gold pieces
  5287 | D:5      | Reached skill level 3 in Earth Magic
  5294 | D:5      | Reached skill level 5 in Fighting
  5294 | D:5      | Reached skill level 1 in Ice Magic
  5476 | D:5      | Found a radiant altar of Vehumet.
  5762 | D:5      | Reached skill level 4 in Transmutations
  5837 | D:5      | Found a staircase to the Ecumenical Temple.
  5920 | D:5      | Reached skill level 3 in Spellcasting
  5953 | D:5      | Reached XP level 9. HP: 68/68 MP: 9/13
  6130 | D:5      | Reached skill level 5 in Armour
  6353 | D:6      | Found Fogeaced's General Store.
  6435 | D:6      | Noticed Menkaure
  6439 | D:6      | Noticed Edmund
  6443 | D:6      | Killed Menkaure
  6444 | D:6      | Reached skill level 6 in Unarmed Combat
  6444 | D:6      | Reached skill level 4 in Poison Magic
  6453 | D:6      | Killed Edmund
  6454 | D:6      | Reached skill level 2 in Ice Magic
  6574 | D:6      | Found a sparkling altar of Nemelex Xobeh.
  6758 | D:6      | Reached skill level 6 in Fighting
  6918 | D:6      | Found a runed translucent gate.
  6918 | D:6      | Found a runed translucent gate.
  6918 | D:6      | Found a runed translucent gate.
  7083 | D:6      | Noticed Veterankin's ghost (novice HOMo)
  7229 | D:7      | Reached skill level 4 in Earth Magic
  7843 | D:7      | Reached skill level 6 in Armour
  8251 | D:7      | Found a sacrificial altar of Ru.
  8270 | D:7      | Reached XP level 10. HP: 77/77 MP: 15/15
  8271 | D:7      | You pick up a book of Minor Magic and begin reading...
  8271 | D:7      | You add the spells Magic Dart, Call Imp and Mephitic Cloud
                  | to your library.
  8302 | D:7      | Learned a level 3 spell: Mephitic Cloud
  8640 | D:7      | Reached skill level 4 in Spellcasting
  8640 | D:7      | Reached skill level 5 in Transmutations
  8931 | D:7      | Found an opulent altar of Gozag.
  9038 | D:8      | Noticed Maurice
  9048 | D:8      | Reached skill level 3 in Ice Magic
  9050 | D:8      | Reached skill level 5 in Poison Magic
  9052 | D:8      | Killed Maurice
  9053 | D:8      | Reached skill level 7 in Fighting
  9053 | D:8      | Reached skill level 7 in Unarmed Combat
  9382 | D:8      | Found a transporter.
  9386 | D:8      | Noticed Prince Ribbit
  9396 | D:8      | HP: 16/79 [gnoll bouda/+0 club (8)]
  9399 | D:8      | Killed Prince Ribbit
  9894 | D:8      | Noticed Pikel
  9910 | D:8      | Killed Pikel
  9911 | D:8      | Reached skill level 7 in Armour
  9911 | D:8      | Reached skill level 5 in Earth Magic
 10138 | D:8      | Identified the +1 leather armour of Xocver {Slay+2}
 10266 | D:8      | Found a transporter.
 10319 | D:8      | Found a transporter.
 10319 | D:8      | Noticed Erica
 10327 | D:8      | HP: 19/79 [rock wall collision (8)]
 10330 | D:8      | Killed Erica
 10761 | D:7      | Fell from the grace of Ignis
 10761 | D:7      | Became a worshipper of Gozag Ym Sagoz the Greedy
 10864 | D:8      | Found a transporter.
 10864 | D:8      | Noticed a two-headed ogre
 10871 | D:8      | Killed a two-headed ogre
 10872 | D:8      | Reached skill level 8 in Fighting
 10872 | D:8      | Reached XP level 11. HP: 43/86 MP: 14/18
 11059 | D:8      | Found a transporter.
 11064 | D:8      | Found a transporter.
 11107 | D:8      | Found a white marble altar of Elyvilon.
 11180 | D:9      | Reached skill level 4 in Ice Magic
 11258 | D:9      | Reached skill level 6 in Transmutations
 11341 | D:9      | HP: 18/86 [fire elemental[the fiery vengeance of Ignis]
                  | (11)]
 11677 | D:9      | Reached skill level 8 in Unarmed Combat
 11677 | D:9      | Reached skill level 5 in Spellcasting
 11952 | D:9      | HP: 19/86 [fire elemental[the fiery vengeance of Ignis]
                  | (9)]
 11953 | D:9      | HP: 9/86 [fire elemental[the fiery vengeance of Ignis]
                  | (11)]
 11954 | D:9      | Slain by a fire elemental

Vanquished Creatures
  A two-headed ogre (D:8)
  Erica (D:8)
  Pikel (D:8)
  Maurice (D:8)
  Prince Ribbit (D:8)
  Sigmund (D:3)
  A wyvern (D:9)
  3 fire elementals (D:9)
  A steam dragon (D:7)
  Menkaure (D:6)
  Edmund (D:6)
  A water moccasin (D:6)
  An ice beast (D:4)
  4 orc warriors
  2 sky beasts (D:7)
  An ogre (D:5)
  A black bear (D:7)
  A centaur (D:8)
  A lemure (D:8)
  2 kobold brigands
  A bullfrog (D:4)
  5 scorpions
  A gnoll sergeant (D:8)
  3 necrophages
  7 wights (D:7)
  9 killer bees
  2 electric eels (D:7)
  3 hounds (D:5)
  A jelly (D:6)
  A gnoll bouda (D:8)
  2 orc priests
  Crazy Yiuf (D:4)
  3 iguanas (D:5)
  A scorpion zombie (D:4)
  Terence (D:3)
  16 orc wizards
  A howler monkey zombie (D:4)
  7 gnolls (D:8)
  11 adders
  A shadow imp (D:7)
  3 white imps
  2 ufetubi
  4 worms
  9 dart slugs
  35 orcs
  7 bats
  5 endoplasms
  4 giant cockroaches
  12 goblins
  9 hobgoblins
  5 jackals (D:3)
  3 quokkas
  11 ball pythons
  4 frilled lizards
  13 kobolds
  2 rats (D:1)
232 creatures vanquished.

Vanquished Creatures (others)
  An orc wizard (D:5)
  113 foxfires
114 creatures vanquished.

Grand Total: 346 creatures vanquished

Table legend:
 A = Non-vault XP
 B = Vault XP
 C = Vault XP percentage of total XP
 D = Non-vault monster count
 E = Vault monster count
 F = Vault count percentage of total count
                 A         B        C        D         E       F
            +---------+---------+-------+---------+---------+-------
      Total |    5927 |    3389 |  36.4 |     187 |      42 |  18.3
            +---------+---------+-------+---------+---------+-------
        D:1 |      22 |       0 |   0.0 |      13 |       0 |   0.0
        D:2 |      48 |       0 |   0.0 |      13 |       0 |   0.0
        D:3 |     109 |     296 |  73.1 |      26 |       9 |  25.7
        D:4 |     480 |      95 |  16.5 |      30 |       4 |  11.8
        D:5 |    1009 |     167 |  14.2 |      35 |      17 |  32.7
        D:6 |     389 |     338 |  46.5 |      10 |       2 |  16.7
        D:7 |    1376 |     210 |  13.2 |      19 |       5 |  20.8
        D:8 |    1997 |    2142 |  51.8 |      34 |       4 |  10.5
        D:9 |     497 |     141 |  22.1 |       7 |       1 |  12.5
            +---------+---------+-------+---------+---------+-------

Illustrated notes

Table legend:
 A = Kills in this place as a percentage of kills in entire the game.
 B = Kills by you in this place as a percentage of kills by you in the entire game.
 C = Kills by friends in this place as a percentage of kills by friends in the entire game.
 D = Other kills in this place as a percentage of other kills in the entire game.
 E = Experience gained in this place as a percentage of experience gained in the entire game.
 F = Experience gained in this place divided by the number of levels of this place that you have seen.
                   A       B       C       D       E      F
               +-------+-------+-------+-------+-------+----------------------
         Total | 100.0 | 100.0 |   N/A | 100.0 | 100.0 | 1035.1
       Dungeon | 100.0 | 100.0 |   N/A | 100.0 | 100.0 | 1035.1
               +-------+-------+-------+-------+-------+----------------------

Table legend: (Time is in decaauts)
 A = Elapsed time spent in this place.
 B = Non-inter-level travel time spent in this place.
 C = Inter-level travel time spent in this place.
 D = Time resting spent in this place.
 E = Time spent auto-exploring this place.
 F = Levels seen in this place.
 G = Mean time per level.
                   A        B        C        D        E       F      G
               +--------+--------+--------+--------+--------+-----+--------+
         Total |  11900 |  11530 |    370 |    719 |   9115 |   9 | 1322.2 |
       Dungeon |  11900 |  11530 |    370 |    719 |   9115 |   9 | 1322.2 |
               +--------+--------+--------+--------+--------+-----+--------+

Top non-repeatable levels by time:
     D:7: 2291 daAuts
     D:4: 2223 daAuts
     D:8: 1708 daAuts
     D:5: 1358 daAuts
     D:3: 982 daAuts
     D:2: 970 daAuts
     D:1: 793 daAuts
     D:6: 788 daAuts
     D:9: 783 daAuts
